 Dungeon Crawl Stone Soup version 0.19.1-1-g22dce08 (console) character file.

108 sose the Conjurer (level 4, -2/24 HPs)
             Began as a Deep Elf Conjurer on Dec 29, 2016.
             Slain by an iguana (7 damage)
             ... on level 4 of the Dungeon on Dec 30, 2016.
             The game lasted 00:07:55 (2723 turns).

sose the Conjurer (Deep Elf Conjurer)               Turns: 2723, Time: 00:07:56

Health: -2/24      AC:  3    Str:  5    XL:     4   Next: 58%
Magic:  4/10       EV: 12    Int: 21    God:
Gold:   75         SH:  4    Dex: 15    Spells: 3 memorised, 3 levels left

rFire  . . .     SeeInvis +     q - +1 rapier (venom)
rCold  . . .     Gourm    .     a - +0 robe
rNeg   . . .     Faith    .     m - +0 buckler
rPois  .         Spirit   .     (no helmet)
rElec  .         Reflect  .     (no cloak)
rCorr  .         Harm     .     d - +0 pair of gloves
MR     .....                    (no boots)
Stlth  ++........               (no amulet)
                                (no ring)
                                n - ring of see invisible

@: no status effects
A: no striking features
a: no special abilities


You were on level 4 of the Dungeon.
You were not hungry.

You visited 1 branch of the dungeon, and saw 4 of its levels.

You collected 75 gold pieces.

Inventory:

Hand Weapons
 q - a +1 rapier of venom (weapon)
Armour
 a - a +0 robe (worn)
 d - a +0 pair of gloves (worn)
 m - a +0 buckler (worn)
Jewellery
 f - an uncursed ring of ice
 n - a ring of see invisible (left hand)
Scrolls
 h - 3 scrolls of identify
 k - 3 scrolls of amnesia {unknown}
 o - a scroll of enchant armour {unknown}
 p - a scroll of recharging
 r - 2 scrolls of magic mapping {unknown}
Potions
 e - 2 potions of curing
 i - a potion of heal wounds
 j - a potion of might
 l - a potion of degeneration {unknown}
Books
 b - a book of Conjurations

   Spells                             Type                      Level
   a - Magic Dart                     Conjuration                  1
   b - Searing Ray                    Conjuration                  2
   c - Dazzling Spray                 Conjuration/Hexes            3
   d - Fulminant Prism                Conjuration/Hexes            4
   e - Iskenderun's Mystic Blast      Conjuration                  4
   f - Iskenderun's Battlesphere      Conjuration/Charms           5
Comestibles
 c - 2 bread rations
 g - 4 chunks of flesh


   Skills:
 - Level 2.4 Dodging
 - Level 2.4 Stealth
 + Level 2.4 Shields
 - Level 3.0 Spellcasting
 - Level 5.5 Conjurations


You had 3 spell levels left.
You knew the following spells:

 Your Spells              Type           Power        Failure   Level  Hunger
a - Magic Dart            Conj           ####         1%          1    None
b - Searing Ray           Conj           ####..       2%          2    ##.....
c - Dazzling Spray        Conj/Hex       ##....       17%         3    ###....


Dungeon Overview and Level Annotations

Branches:
Dungeon (4/15)
 Temple: D:4-7

Altars:

Annotations:
D:2 Terence


Message History

The iguana completely misses you.
Found a stone staircase leading down.
You hit the iguana.
The iguana is poisoned.
The iguana is heavily wounded.
The iguana bites you!
Ouch! That really hurt!
The iguana closely misses you.
Casting: Magic Dart
Confirm with . or Enter, or press ? or * to list all spells.
Aiming: Searing Ray
Press: ? - help, Shift-Dir - straight line, f/p - iguana
Aim: an iguana (heavily wounded, poisoned)
The searing ray hits the iguana.
The iguana is severely wounded.
The iguana bites you.
* * * LOW HITPOINT WARNING * * *
The searing ray hits the iguana.
The iguana is almost dead.
The iguana bites you!
You die...

..(.....# #.#
........# #.#
........# #.#
........# #.#
Z.......######.#
...............#
##.#.#.########
#........
#@####### #l#
#.# ..# ..# #..#
#..# ##>#


You could see an iguana.

Vanquished Creatures
  2 adders
  An ooze (D:1)
  4 worms
  2 dart slugs (D:1)
  4 leopard geckos
  6 orcs
  2 ball pythons (D:1)
  7 bats
  2 giant cockroaches (D:1)
  3 goblins
  9 hobgoblins
  2 quokkas
  3 frilled lizards
  7 kobolds
  7 rats
61 creatures vanquished.

Notes
Turn   | Place    | Note
-------+----------+-------------------------------------------
     0 | D:1      | sose the Deep Elf Conjurer began the quest for the Orb.
     0 | D:1      | Reached XP level 1. HP: 10/10 MP: 6/6
   110 | D:1      | Reached XP level 2. HP: 15/15 MP: 6/8
   114 | D:1      | Reached skill level 5 in Conjurations
   587 | D:1      | Reached XP level 3. HP: 19/19 MP: 4/9
   591 | D:1      | Learned a level 2 spell: Searing Ray
   595 | D:1      | Learned a level 3 spell: Dazzling Spray
   915 | D:2      | Noticed Terence
  1090 | D:2      | Reached skill level 1 in Shields
  1749 | D:2      | Reached XP level 4. HP: 24/24 MP: 3/10
  2723 | D:4      | Slain by an iguana

Skill      XL: |  1  2  3  4 |
---------------+-------------+-----
Conjurations   | 5 |  5.5
Shields        | 1 2 |  2.4
Dodging        | |  2.4
Stealth        | |  2.4
Spellcasting   | |  3.0

Action                   |  1- 3 |  4- 6 || total
-------------------------+-------+-------++-------
Melee: Short sword       |     3 |     2 ||     5
       Rapier            |       |     4 ||     4
 Cast: Magic Dart        |    80 |    36 ||   116
       Searing Ray       |     4 |     6 ||    10
       Dazzling Spray    |     1 |       ||     1
  Use: Scroll            |     6 |       ||     6
 Stab: Sleeping          |     1 |     1 ||     2
  Eat: Meat ration       |     1 |       ||     1
       Chunk             |     1 |       ||     1
Armor: Robe              |     1 |     3 ||     4
Dodge: Dodged            |    14 |     8 ||    22
Block: Buckler           |     3 |     3 ||     6
